Workbook
Name Print_Area: Coordonnées!$A$1:$V$37

Sheet Macro-commandes
A1: =#REF! -> #REF! | C1: Administration communale de:
A3: Gestion informatique du document. | B3: Commandes :
A5: Cliquez sur la commande>>>
C7: Enregistré

Sheet Coordonnées
A1: Synthèse du Budget | G1: Administration communale de Binche | U1: Code INS | V1: 58002
U2: Exercice: | V2: =R27 -> 2025
A3: Modèle officiel généré par l'application eComptes © SPW Intérieur et Action Sociale | U3: Version: | V3: 2
G7: S Y N T H È S E du B U D G E T_x000D_ I N I T I A L
G11: Module informatisé de publication des budgets annuels
C17: Administration communale de : | J17: BINCHE
C19: Adresse de l'administration: | J19: CENTRE ADMINISTRATIF - RUE ST PAUL,14
J20: 7130 BINCHE
J21: www.binche.be
C23: Date d’arrêt du budget par le conseil: | J23: 20/02/2025
C25: Date d'approbation de la Tutelle:
C27: Type document: | J27: Budget | O27: Exercice: | R27: 2025
C29: Directeur Général: | J29: Guillaume SOMERS
C30: Tél: | J30: 064-230.511
C31: Email: | J31: info@binche.be
C33: Directeur Financier: | J33: STEPHANIE ROBAYE
C34: Tél: | J34: 064-230.511
C35: Email: | J35: info@binche.be

Sheet Résultats
A1: Synthèse des Comptes | G1: =Coordonnées!G1 -> Administration communale de Binche | W1: =Coordonnées!$U$1 -> Code INS | X1: =Coordonnées!V1 -> 58002
W2: =Coordonnées!$U$2 -> Exercice: | X2: =Coordonnées!V2 -> 2025
A3: Modèle officiel généré par l'application eComptes © SPW Intérieur et Action Sociale | W3: =Coordonnées!$U$3 -> Version: | X3: =Coordonnées!V3 -> 2
H6: Evolution du résultat budgétaire ordinaire
H7: =Coordonnées!$J$27 -> Budget | K7: =Coordonnées!$J$27 -> Budget | N7: =Coordonnées!$J$27 -> Budget | Q7: =Coordonnées!$J$27 -> Budget | T7: =Coordonnées!$J$27 -> Budget
A8: Exercices: | H8: =K8-1 -> 2021 | K8: =N8-1 -> 2022 | N8: =Q8-1 -> 2023 | Q8: =T8-1 -> 2024 | T8: =X2 -> 2025
A9: Résultats Exercice Propre* | H9: ='Ordinaire GE'!H26-'Ordinaire GE'!H15 -> 649181.55 | K9: ='Ordinaire GE'!K26-'Ordinaire GE'!K15 -> 1414653.3 | N9: ='Ordinaire GE'!N26-'Ordinaire GE'!N15 -> 3796789.6 | Q9: ='Ordinaire GE'!Q26-'Ordinaire GE'!Q15 -> 1813576.1 | T9: ='Ordinaire GE'!T26-'Ordinaire GE'!T15 -> 208336.88
A10: Résultat global* (avec exercices antérieurs et prélèvements) | H10: ='Ordinaire GE'!H29-'Ordinaire GE'!H18 -> 5368708.6 | K10: ='Ordinaire GE'!K29-'Ordinaire GE'!K18 -> 4722325.6 | N10: ='Ordinaire GE'!N29-'Ordinaire GE'!N18 -> 7849189.4 | Q10: ='Ordinaire GE'!Q29-'Ordinaire GE'!Q18 -> 5584163.7 | T10: ='Ordinaire GE'!T29-'Ordinaire GE'!T18 -> 4243790.6
A11: * Montant arrondi à l'euro

Sheet Ordinaire GE
A1: Synthèse des Comptes | G1: =Coordonnées!G1 -> Administration communale de Binche | W1: =Coordonnées!$U$1 -> Code INS | X1: =Coordonnées!V1 -> 58002
W2: =Coordonnées!$U$2 -> Exercice: | X2: =Coordonnées!V2 -> 2025
A3: Modèle officiel généré par l'application eComptes © SPW Intérieur et Action Sociale | W3: =Coordonnées!$U$3 -> Version: | X3: =Coordonnées!V3 -> 2
H6: Ventilation économique des dépenses et des recettes ordinaires
H7: =Coordonnées!$J$27 -> Budget | K7: =Coordonnées!$J$27 -> Budget | N7: =Coordonnées!$J$27 -> Budget | Q7: =Coordonnées!$J$27 -> Budget | T7: =Coordonnées!$J$27 -> Budget
H8: Dépenses ordinaires (Prévisions)
A9: Exercices: | H9: =K9-1 -> 2021 | K9: =N9-1 -> 2022 | N9: =Q9-1 -> 2023 | Q9: =T9-1 -> 2024 | T9: =X2 -> 2025
A10: Personnel | H10: 15452100 | I10: 5512664.3 | J10: 5512664.3 | K10: 15400146 | L10: 5512664.3 | M10: 5512664.3 | N10: 17563850 | O10: 5512664.3 | P10: 5512664.3 | Q10: 19489820 | R10: 5512664.3 | S10: 5512664.3 | T10: 20437900 | U10: 5512664.3 | V10: 5512664.3
A11: Fonctionnement | H11: 5464802 | I11: 2726342.7 | J11: 2726342.7 | K11: 5542962.7 | L11: 2726342.7 | M11: 2726342.7 | N11: 5911674.2 | O11: 2726342.7 | P11: 2726342.7 | Q11: 6500602.4 | R11: 2726342.7 | S11: 2726342.7 | T11: 7055802.4 | U11: 2726342.7 | V11: 2726342.7
A12: Transferts | H12: 13115444 | I12: 4264832 | J12: 4264832 | K12: 13120922 | L12: 4264832 | M12: 4264832 | N12: 13988071 | O12: 4264832 | P12: 4264832 | Q12: 14205424 | R12: 4264832 | S12: 4264832 | T12: 14295408 | U12: 4264832 | V12: 4264832
A13: Dette | H13: 3841248.5 | I13: 41563.69 | J13: 41563.69 | K13: 3889063.5 | L13: 41563.69 | M13: 41563.69 | N13: 4260310.1 | O13: 41563.69 | P13: 41563.69 | Q13: 4375972.6 | R13: 41563.69 | S13: 41563.69 | T13: 4437824.5 | U13: 41563.69 | V13: 41563.69
A14: Prélèvements (hors 060) | H14: 0 | I14: 0 | J14: 0 | K14: 0 | L14: 0 | M14: 0 | N14: 208000 | O14: 0 | P14: 0 | Q14: 0 | R14: 0 | S14: 0 | T14: 0 | U14: 0 | V14: 0
A15: Total (exercice propre)* | H15: =SUM(H10:H14) -> 37873595 | K15: =SUM(K10:K14) -> 37953093 | N15: =SUM(N10:N14) -> 41931906 | Q15: =SUM(Q10:Q14) -> 44571819 | T15: =SUM(T10:T14) -> 46226935
A16: Exercices antérieurs | H16: 829048.05 | I16: 1521059 | J16: 2351270.7 | K16: 1106873.8 | L16: 1659060.8 | M16: 1521059 | N16: 1618735.8 | O16: 2230351.9 | P16: 1659060.8 | Q16: 1351602 | R16: 2351270.7 | S16: 2230351.9 | T16: 1784046 | U16: 2351270.7 | V16: 2230351.9
A17: Prélèvements | H17: 1000000 | I17: 1192323.5 | J17: 824300.6 | K17: 1800000 | L17: 4295659.9 | M17: 1192323.5 | N17: 800000 | O17: 1045347.1 | P17: 4295659.9 | Q17: 2000000 | R17: 824300.6 | S17: 1045347.1 | T17: 912555 | U17: 824300.6 | V17: 1045347.1
A18: Total général* | H18: =SUM(H15:H17) -> 39702643 | K18: =SUM(K15:K17) -> 40859967 | N18: =SUM(N15:N17) -> 44350641 | Q18: =SUM(Q15:Q17) -> 47923421 | T18: =SUM(T15:T17) -> 48923536
A19: * Montant arrondi à l'euro
H20: Recettes ordinaires (Prévisions)
A21: Exercices: | H21: =K21-1 -> 2021 | K21: =N21-1 -> 2022 | N21: =Q21-1 -> 2023 | Q21: =T21-1 -> 2024 | T21: =X2 -> 2025
A22: Prestation | H22: 829538.43 | I22: 373432.17 | J22: 697745.74 | K22: 909333.92 | L22: 373432.17 | M22: 697745.74 | N22: 1076218.6 | O22: 373432.17 | P22: 697745.74 | Q22: 1097703.1 | R22: 373432.17 | S22: 697745.74 | T22: 1122403.1 | U22: 373432.17 | V22: 697745.74
A23: Transferts | H23: 36442035 | I23: 12728583 | J23: 13240575 | K23: 37226473 | L23: 12728583 | M23: 13240575 | N23: 43418442 | O23: 12728583 | P23: 13240575 | Q23: 43280452 | R23: 12728583 | S23: 13240575 | T23: 44296880 | U23: 12728583 | V23: 13240575
A24: Dette | H24: 1251202.8 | I24: 548784.99 | J24: 408005.67 | K24: 1231940 | L24: 548784.99 | M24: 408005.67 | N24: 1234034.9 | O24: 548784.99 | P24: 408005.67 | Q24: 1307239.9 | R24: 548784.99 | S24: 408005.67 | T24: 885713.45 | U24: 548784.99 | V24: 408005.67
A25: Prélèvements | H25: 0 | I25: 0 | J25: 0 | K25: 0 | L25: 0 | M25: 0 | N25: 0 | O25: 0 | P25: 0 | Q25: 700000 | R25: 0 | S25: 0 | T25: 130275 | U25: 0 | V25: 0
A26: Total (exercice propre)* | H26: =SUM(H22:H25) -> 38522776 | K26: =SUM(K22:K25) -> 39367746 | N26: =SUM(N22:N25) -> 45728695 | Q26: =SUM(Q22:Q25) -> 46385395 | T26: =SUM(T22:T25) -> 46435271
A27: Exercices antérieurs | H27: 6548575.1 | I27: 6001218.3 | J27: 5811470.1 | K27: 6214546.2 | L27: 6001218.3 | M27: 5811470.1 | N27: 6471135.6 | O27: 6001218.3 | P27: 5811470.1 | Q27: 7122189.7 | R27: 6001218.3 | S27: 5811470.1 | T27: 6732054.7 | U27: 6001218.3 | V27: 5811470.1
A28: Prélèvements | H28: 0 | I28: 0 | J28: 0 | K28: 0 | L28: 0 | M28: 0 | N28: 0 | O28: 0 | P28: 0 | Q28: 0 | R28: 0 | S28: 0 | T28: 0 | U28: 0 | V28: 0
A29: Total général* | H29: =SUM(H26:H28) -> 45071351 | K29: =SUM(K26:K28) -> 45582293 | N29: =SUM(N26:N28) -> 52199831 | Q29: =SUM(Q26:Q28) -> 53507585 | T29: =SUM(T26:T28) -> 53167326
A30: * Montant arrondi à l'euro

Sheet Extraordinaire GE
A1: Synthèse des Comptes | G1: =Coordonnées!G1 -> Administration communale de Binche | W1: =Coordonnées!$U$1 -> Code INS | X1: =Coordonnées!$V$1 -> 58002
W2: =Coordonnées!$U$2 -> Exercice: | X2: =Coordonnées!$V$2 -> 2025
A3: Modèle officiel généré par l'application eComptes © SPW Intérieur et Action Sociale | W3: =Coordonnées!$U$3 -> Version: | X3: =Coordonnées!$V$3 -> 2
H6: Ventilation économique des dépenses et des recettes extraordinaires
H7: =Coordonnées!$J$27 -> Budget | K7: =Coordonnées!$J$27 -> Budget | N7: =Coordonnées!$J$27 -> Budget | Q7: =Coordonnées!$J$27 -> Budget | T7: =Coordonnées!$J$27 -> Budget
H8: Dépenses extraordinaires (Prévisions)
A9: Exercices: | H9: =K9-1 -> 2021 | K9: =N9-1 -> 2022 | N9: =Q9-1 -> 2023 | Q9: =T9-1 -> 2024 | T9: =X2 -> 2025
A10: Transferts | H10: 0 | I10: 5512664.3 | J10: 5512664.3 | K10: 0 | L10: 5512664.3 | M10: 5512664.3 | N10: 0 | O10: 5512664.3 | P10: 5512664.3 | Q10: 0 | R10: 5512664.3 | S10: 5512664.3 | T10: 0 | U10: 5512664.3 | V10: 5512664.3
A11: Investissements | H11: 7635744.6 | I11: 2726342.7 | J11: 2726342.7 | K11: 22177623 | L11: 2726342.7 | M11: 2726342.7 | N11: 11087750 | O11: 2726342.7 | P11: 2726342.7 | Q11: 9219743.3 | R11: 2726342.7 | S11: 2726342.7 | T11: 26494205 | U11: 2726342.7 | V11: 2726342.7
A12: Dette | H12: 69999.2 | I12: 4264832 | J12: 4264832 | K12: 69999.2 | L12: 4264832 | M12: 4264832 | N12: 69999.2 | O12: 4264832 | P12: 4264832 | Q12: 92793.16 | R12: 4264832 | S12: 4264832 | T12: 371293.16 | U12: 4264832 | V12: 4264832
A13: Prélèvements | H13: 0 | I13: 41563.69 | J13: 41563.69 | K13: 0 | L13: 41563.69 | M13: 41563.69 | N13: 0 | O13: 41563.69 | P13: 41563.69 | Q13: 0 | R13: 41563.69 | S13: 41563.69 | T13: 0 | U13: 41563.69 | V13: 41563.69
H14: 0 | I14: 0 | J14: 0 | K14: 0 | L14: 0 | M14: 0 | N14: 0 | O14: 0 | P14: 0 | Q14: 0 | R14: 0 | S14: 0 | T14: 0 | U14: 0 | V14: 0
A15: Total (exercice propre)* | H15: =SUM(H10:H14) -> 7705743.8 | K15: =SUM(K10:K14) -> 22247622 | N15: =SUM(N10:N14) -> 11157749 | Q15: =SUM(Q10:Q14) -> 9312536.5 | T15: =SUM(T10:T14) -> 26865498
A16: Exercices antérieurs | H16: 0 | I16: 1521059 | J16: 2351270.7 | K16: 0 | L16: 1659060.8 | M16: 1521059 | N16: 0 | O16: 2230351.9 | P16: 1659060.8 | Q16: 0 | R16: 2351270.7 | S16: 2230351.9 | T16: 107859.4 | U16: 2351270.7 | V16: 2230351.9
A17: Prélèvements | H17: 1750000 | I17: 1192323.5 | J17: 824300.6 | K17: 65000 | L17: 4295659.9 | M17: 1192323.5 | N17: 65000 | O17: 1045347.1 | P17: 4295659.9 | Q17: 65000 | R17: 824300.6 | S17: 1045347.1 | T17: 75000 | U17: 824300.6 | V17: 1045347.1
A18: Total général* | H18: =SUM(H15:H17) -> 9455743.8 | K18: =SUM(K15:K17) -> 22312622 | N18: =SUM(N15:N17) -> 11222749 | Q18: =SUM(Q15:Q17) -> 9377536.5 | T18: =SUM(T15:T17) -> 27048358
A19: * Montant arrondi à l'euro
H20: Recettes extraordinaires (Prévisions)
A21: Exercices: | H21: =K21-1 -> 2021 | K21: =N21-1 -> 2022 | N21: =Q21-1 -> 2023 | Q21: =T21-1 -> 2024 | T21: =X2 -> 2025
A22: Transferts | H22: 2230394.3 | I22: 373432.17 | J22: 697745.74 | K22: 12037665 | L22: 365967.42 | M22: 373432.17 | N22: 5045116.4 | O22: 414709.37 | P22: 365967.42 | Q22: 2285120.5 | R22: 697745.74 | S22: 414709.37 | T22: 14304893 | U22: 557211.56 | V22: 577850.16
A23: Investissements | H23: 1750000 | I23: 12728583 | J23: 13240575 | K23: 65000 | L23: 12120372 | M23: 12728583 | N23: 65000 | O23: 12941518 | P23: 12120372 | Q23: 65000 | R23: 13240575 | S23: 12941518 | T23: 75000 | U23: 13289627 | V23: 13396094
A24: Dette | H24: 2749867.3 | I24: 548784.99 | J24: 408005.67 | K24: 7589020.2 | L24: 536819.05 | M24: 548784.99 | N24: 3853158.8 | O24: 344975.81 | P24: 536819.05 | Q24: 2632782.8 | R24: 408005.67 | S24: 344975.81 | T24: 11439548 | U24: 128208.39 | V24: 26303.797
A25: Prélèvements | H25: 0 | I25: 0 | J25: 0 | K25: 0 | L25: 0 | M25: 0 | N25: 0 | O25: 0 | P25: 0 | Q25: 0 | R25: 0 | S25: 0 | T25: 0 | U25: 0 | V25: 0
A26: Total (exercice propre)* | H26: =SUM(H22:H25) -> 6730261.6 | K26: =SUM(K22:K25) -> 19691685 | N26: =SUM(N22:N25) -> 8963275.1 | Q26: =SUM(Q22:Q25) -> 4982903.3 | T26: =SUM(T22:T25) -> 25819441
A27: Exercices antérieurs | H27: 979579.53 | K27: 1172725.4 | L27: 10122962 | M27: 6628334.6 | N27: 1048166 | O27: 6248838.2 | P27: 10122962 | Q27: 976163.76 | R27: 6834216 | S27: 6248838.2 | T27: 758063.19 | U27: 6001218.3 | V27: 5811470.1
A28: Prélèvements | H28: 2725482.2 | I28: 0 | J28: 0 | K28: 2620936.7 | L28: 0 | M28: 0 | N28: 2259474.1 | O28: 0 | P28: 0 | Q28: 4394633.2 | R28: 0 | S28: 0 | T28: 1228916.8 | U28: 0 | V28: 0
A29: Total général* | H29: =SUM(H26:H28) -> 10435323 | K29: =SUM(K26:K28) -> 23485347 | N29: =SUM(N26:N28) -> 12270915 | Q29: =SUM(Q26:Q28) -> 10353700 | T29: =SUM(T26:T28) -> 27806421
A30: * Montant arrondi à l'euro

Sheet DO fonctions
A1: =Coordonnées!A1 -> Synthèse du Budget | E1: =Coordonnées!G1 -> Administration communale de Binche | I1: =Coordonnées!$U$1 -> Code INS | J1: =Coordonnées!$V$1 -> 58002
I2: =Coordonnées!$U$2 -> Exercice: | J2: =Coordonnées!$V$2 -> 2025
A3: =Coordonnées!A3 -> Modèle officiel généré par l'application eComptes © SPW Intérieur et Action Sociale | I3: =Coordonnées!$U$3 -> Version: | J3: =Coordonnées!$V$3 -> 2
E4: Ventilation fonctionnelle
E5: Evolution des dépenses ordinaires (exercice propre)
E6: =Coordonnées!$J$27 -> Budget | F6: =Coordonnées!$J$27 -> Budget | G6: =Coordonnées!$J$27 -> Budget | H6: =Coordonnées!$J$27 -> Budget | I6: =Coordonnées!$J$27 -> Budget
E7: =F7-1 -> 2021 | F7: =G7-1 -> 2022 | G7: =H7-1 -> 2023 | H7: =I7-1 -> 2024 | I7: =J2 -> 2025
A8: 0 Recettes et dépenses générales | E8: 1247750 | F8: 2066250 | G8: 1365500 | H8: 2379500 | I8: 1417055
A9: 1 Administration générale | E9: 8524811.1 | F9: 8633074.9 | G9: 10041886 | H9: 11120288 | I9: 11634294
A10: 3 Sécurité | E10: 5820160.8 | F10: 5700513.4 | G10: 6248051.9 | H10: 6573958.5 | I10: 6473694.2
A11: 4 Voiries-communications | E11: 7330657.5 | F11: 7159033.8 | G11: 7776119.2 | H11: 8787246 | I11: 9513355.9
A12: 5 Industrie - commerce | E12: 413198.01 | F12: 414582.09 | G12: 411580.11 | H12: 581949.95 | I12: 584772.3
A13: 6 Sylviculture- Agriculture | E13: 43122.39 | F13: 41876.82 | G13: 41882.05 | H13: 42042.33 | I13: 32047.65
A14: 70>75 Enseignement | E14: 2592182.1 | F14: 2632332.1 | G14: 2943731.2 | H14: 3230716.1 | I14: 3443692.7
A15: 76>77 Culture et sports | E15: 3437301.5 | F15: 3680584.9 | G15: 3928324.4 | H15: 4277803.6 | I15: 4356724.7
A16: 78 Radio, télévision, presse | E16: 105000 | F16: 120000 | G16: 120000 | H16: 120000 | I16: 120000
A17: 79 Culte | E17: 371113 | F17: 333647.6 | G17: 467948.09 | H17: 469362.1 | I17: 439697.69
A18: 80>86 Action Sociale | E18: 5177876.6 | F18: 5331663.7 | G18: 5621814.5 | H18: 5727036.6 | I18: 5810991.1
A19: 87 Santé publique et hygiène | E19: 3377339.6 | F19: 3228471.9 | G19: 3345031.9 | H19: 2861298.2 | I19: 2870612.7
... A21: 93 Aménagement du territoire | E21: 58961.06 | F21: 36996.99 | G21: 44534.6 | H21: 14177.52 | I21: 21422.57

Sheet RO fonctions
A1: =Coordonnées!A1 -> Synthèse du Budget | E1: =Coordonnées!G1 -> Administration communale de Binche | I1: =Coordonnées!$U$1 -> Code INS | J1: =Coordonnées!$V$1 -> 58002
I2: =Coordonnées!$U$2 -> Exercice: | J2: =Coordonnées!$V$2 -> 2025
A3: =Coordonnées!A3 -> Modèle officiel généré par l'application eComptes © SPW Intérieur et Action Sociale | I3: =Coordonnées!$U$3 -> Version: | J3: =Coordonnées!$V$3 -> 2
E4: Ventilation fonctionnelle
E5: Evolution des recettes ordinaires (exercice propre)
E6: =Coordonnées!$J$27 -> Budget | F6: =Coordonnées!$J$27 -> Budget | G6: =Coordonnées!$J$27 -> Budget | H6: =Coordonnées!$J$27 -> Budget | I6: =Coordonnées!$J$27 -> Budget
E7: =F7-1 -> 2021 | F7: =G7-1 -> 2022 | G7: =H7-1 -> 2023 | H7: =I7-1 -> 2024 | I7: =J2 -> 2025
A8: 0 Recettes et dépenses générales | E8: 37271176 | F8: 40766300 | G8: 45347528 | H8: 47159074 | I8: 46499738
A9: 1 Administration générale | E9: 1706410.9 | F9: 568841.23 | G9: 575269.84 | H9: 597369.84 | I9: 592701.96
A10: 3 Sécurité | E10: 426538.6 | F10: 166564.62 | G10: 94721.8 | H10: 108221.8 | I10: 110821.8
A11: 4 Voiries-communications | E11: 1203055.8 | F11: 94807.78 | G11: 94565.78 | H11: 89089.67 | I11: 88933.8
A12: 5 Industrie - commerce | E12: 1661064.3 | F12: 1641475.4 | G12: 1656310.9 | H12: 1657752.6 | I12: 1143544.2
A13: 6 Sylviculture- Agriculture | E13: 13200 | F13: 17545 | G13: 32175 | H13: 30250 | I13: 34650
A14: 70>75 Enseignement | E14: 1332476.7 | F14: 1348666 | G14: 1454106.9 | H14: 1638264.9 | I14: 1793483.7
A15: 76>77 Culture et sports | E15: 545797.92 | F15: 293655.47 | G15: 468805.77 | H15: 458279.85 | I15: 528451.67
A16: 78 Radio, télévision, presse | E16: 39444 | F16: 23666 | G16: 23666 | H16: 39244 | I16: 39444
A17: 79 Culte | E17: 10000 | F17: 15000 | G17: 0 | H17: 0 | I17: 0
A18: 80>86 Action Sociale | E18: 402149.92 | F18: 318488.91 | G18: 318488.91 | H18: 318488.91 | I18: 323488.91
A19: 87 Santé publique et hygiène | E19: 200496 | F19: 104535 | G19: 112535 | H19: 104550 | I19: 104550
... A21: 93 Aménagement du territoire | E21: 33580 | F21: 33580 | G21: 51580 | H21: 34000 | I21: 34000

Sheet DE fonctions
A1: =Coordonnées!A1 -> Synthèse du Budget | E1: =Coordonnées!G1 -> Administration communale de Binche | I1: =Coordonnées!$U$1 -> Code INS | J1: =Coordonnées!$V$1 -> 58002
I2: =Coordonnées!$U$2 -> Exercice: | J2: =Coordonnées!$V$2 -> 2025
A3: =Coordonnées!A3 -> Modèle officiel généré par l'application eComptes © SPW Intérieur et Action Sociale | I3: =Coordonnées!$U$3 -> Version: | J3: =Coordonnées!$V$3 -> 2
E4: Ventilation fonctionnelle
E5: Evolution des dépenses extraordinaires (exercice propre)
E6: =Coordonnées!$J$27 -> Budget | F6: =Coordonnées!$J$27 -> Budget | G6: =Coordonnées!$J$27 -> Budget | H6: =Coordonnées!$J$27 -> Budget | I6: =Coordonnées!$J$27 -> Budget
E7: =F7-1 -> 2021 | F7: =G7-1 -> 2022 | G7: =H7-1 -> 2023 | H7: =I7-1 -> 2024 | I7: =J2 -> 2025
A8: 0 Recettes et dépenses générales | E8: 1750000 | F8: 65000 | G8: 65000 | H8: 65000 | I8: 75000
A9: 1 Administration générale | E9: 350000 | F9: 502000 | G9: 415000 | H9: 532000 | I9: 215000
A10: 3 Sécurité | E10: 0 | F10: 25000 | G10: 0 | H10: 410000 | I10: 35000
A11: 4 Voiries-communications | E11: 4845000 | F11: 5526799.7 | G11: 8792750 | H11: 5398743.3 | I11: 1521388
A12: 5 Industrie - commerce | E12: 65000 | F12: 1633000 | G12: 80000 | H12: 180000 | I12: 100000
A13: 6 Sylviculture- Agriculture | E13: 70000 | F13: 60000 | G13: 40000 | H13: 40000 | I13: 80000
A14: 70>75 Enseignement | E14: 1485744.6 | F14: 12517823 | G14: 535000 | H14: 405000 | I14: 20067713
A15: 76>77 Culture et sports | E15: 215000 | F15: 1233000 | G15: 1080000 | H15: 470000 | I15: 2715000
A16: 78 Radio, télévision, presse | E16: 0 | F16: 0 | G16: 0 | H16: 0 | I16: 0
A17: 79 Culte | E17: 270000 | F17: 0 | G17: 0 | H17: 0 | I17: 0
A18: 80>86 Action Sociale | E18: 0 | F18: 275000 | G18: 0 | H18: 34000 | I18: 0
A19: 87 Santé publique et hygiène | E19: 404999.2 | F19: 424999.2 | G19: 214999.2 | H19: 327793.16 | I19: 317793.16
... A21: 93 Aménagement du territoire | E21: 0 | F21: 50000 | G21: 0 | H21: 1515000 | I21: 1535103.9

Sheet RE fonctions
A1: =Coordonnées!A1 -> Synthèse du Budget | E1: =Coordonnées!G1 -> Administration communale de Binche | I1: =Coordonnées!$U$1 -> Code INS | J1: =Coordonnées!$V$1 -> 58002
I2: =Coordonnées!$U$2 -> Exercice: | J2: =Coordonnées!$V$2 -> 2025
A3: =Coordonnées!A3 -> Modèle officiel généré par l'application eComptes © SPW Intérieur et Action Sociale | I3: =Coordonnées!$U$3 -> Version: | J3: =Coordonnées!$V$3 -> 2
E4: Ventilation fonctionnelle
E5: Evolution des recettes extraordinaires (exercice propre)
E6: =Coordonnées!$J$27 -> Budget | F6: =Coordonnées!$J$27 -> Budget | G6: =Coordonnées!$J$27 -> Budget | H6: =Coordonnées!$J$27 -> Budget | I6: =Coordonnées!$J$27 -> Budget
E7: =F7-1 -> 2021 | F7: =G7-1 -> 2022 | G7: =H7-1 -> 2023 | H7: =I7-1 -> 2024 | I7: =J2 -> 2025
A8: 0 Recettes et dépenses générales | E8: 3705061.8 | F8: 3793662.1 | G8: 3307640.1 | H8: 5370796.9 | I8: 1986980
A9: 1 Administration générale | E9: 275000 | F9: 277000 | G9: 294704 | H9: 272200 | I9: 100000
A10: 3 Sécurité | E10: 0 | F10: 18750 | G10: 0 | H10: 410000 | I10: 0
A11: 4 Voiries-communications | E11: 2864517 | F11: 4792612.2 | G11: 7213571.1 | H11: 2440703.3 | I11: 1123123.7
A12: 5 Industrie - commerce | E12: 1705000 | F12: 918000 | G12: 0 | H12: 0 | I12: 60000
A13: 6 Sylviculture- Agriculture | E13: 0 | F13: 0 | G13: 0 | H13: 0 | I13: 0
A14: 70>75 Enseignement | E14: 1215744.6 | F14: 12162823 | G14: 335000 | H14: 55000 | I14: 20047713
A15: 76>77 Culture et sports | E15: 200000 | F15: 1052500 | G15: 1055000 | H15: 225000 | I15: 2625000
A16: 78 Radio, télévision, presse | E16: 0 | F16: 0 | G16: 0 | H16: 0 | I16: 0
A17: 79 Culte | E17: 270000 | F17: 0 | G17: 0 | H17: 0 | I17: 0
A18: 80>86 Action Sociale | E18: 0 | F18: 275000 | G18: 0 | H18: 0 | I18: 0
A19: 87 Santé publique et hygiène | E19: 200000 | F19: 145000 | G19: 65000 | H19: 65000 | I19: 75000
... A21: 93 Aménagement du territoire | E21: 0 | F21: 50000 | G21: 0 | H21: 1515000 | I21: 1510103.9

Sheet Glossaire
A1: =Coordonnées!A1 -> Synthèse du Budget | G1: =Coordonnées!G1 -> Administration communale de Binche | X1: =Coordonnées!$U$1 -> Code INS | Y1: =Coordonnées!$V$1 -> 58002
X2: =Coordonnées!$U$2 -> Exercice: | Y2: =Coordonnées!$V$2 -> 2025
A3: =Coordonnées!A3 -> Modèle officiel généré par l'application eComptes © SPW Intérieur et Action Sociale | X3: =Coordonnées!$U$3 -> Version: | Y3: =Coordonnées!$V$3 -> 2
A6: Glossaire
A8: Termes | F8: Définitions:
A9: Exercice propre | F9: L'exercice du document allant du 1er janvier au 31 décembre
A10: Exercices antérieurs | F10: Les opérations antérieures à l'exercice propre
A11: Résultat global | F11: Le boni ou le mali de l'exercice propre cumulé avec celui des exercices antérieurs
A12: Dépenses de transfert | F12: Dépenses effectuées à destination de tiers à la commune (d'autres institutions, organismes, ménages ..)
A13: Recettes de transfert | F13: Recettes en provenance de tiers ( subsides, taxes, … )
A14: Recettes de prestation | F14: Recettes découlant de services payants rendus par la commune, de locations, de droits d'entrée …
A15: Dépenses de prélèvements | F15: Sommes prélevées sur les excédents budgétaires par la commune pour alimenter des fonds de réserves ordinaires ou extraordinaires (pour financer des dépenses d'investissement sur fonds propres ) ou des provisions ( pour faire face à des charges futures importantes )
A16: Recettes de prélèvements | F16: Utilisation des fonds de réserve et des provisions (constitués au moyen des dépenses de prélèvement)
A17: Ordinaire | F17: Les recettes et dépenses nécessaires au fonctionnement de la commune (taxes, subventions , salaires,électricité,fournitures,…)
A18: Extraordinaire | F18: Les dépenses et leurs moyens de financement afférentes aux investissements ( travaux importants, rénovations, achat de matériel et de véhicules etc … )
